 Dungeon Crawl Stone Soup version 0.19.1 (webtiles) character file.

58 Philogelos the Cudgeler (level 4, 0/28 HPs)
             Began as a Gargoyle Berserker on Dec 5, 2016.
             Was a Believer of Trog.
             Slain by a worm (5 damage)
             ... on level 2 of the Dungeon.
             The game lasted 00:06:00 (1388 turns).

Philogelos the Cudgeler (Gargoyle Berserker)        Turns: 1388, Time: 00:06:01

Health: 0/28       AC: 11    Str: 20    XL:     4   Next: 2%
Magic:  4/4        EV: 10    Int:  8    God:    Trog [**....]
Gold:   92         SH:  0    Dex: 10    Spells: 0 memorised, 3 levels left

rFire  . . .     SeeInvis .     a - +0 mace
rCold  . . .     Gourm    .     l - +0 scale mail
rNeg   + . .     Faith    .     (no shield)
rPois  ∞         Spirit   .     d - +0 helmet
rElec  +         Reflect  .     (no cloak)
rCorr  +         Harm     .     (no gloves)
MR     .....     Rnd*Tele +     (no boots)
Stlth  ..........               (no amulet)
                                f - ring of resist corrosion
                                e - ring of teleportation (curse)

@: no status effects
A: negative energy resistance 1, electricity resistance, unbreathing,
petrification resistance, rot immunity, AC +3
a: Berserk, Trog's Hand, Burn Spellbooks, Renounce Religion


You were on level 2 of the Dungeon.
You worshipped Trog.
Trog was pleased with you.
You were hungry.

You visited 1 branch of the dungeon, and saw 2 of its levels.

You collected 92 gold pieces.

Inventory:

Hand Weapons
 a - a +0 mace (weapon)
Missiles
 j - a throwing net (quivered)
Armour
 b - a +0 animal skin
 d - a +0 helmet (worn)
 l - a +0 scale mail (worn)
Jewellery
 e - a cursed ring of teleportation (left hand)
 f - a ring of resist corrosion (right hand)
Scrolls
 g - a scroll of identify
 i - a scroll of teleportation {unknown}
 k - a scroll of fear {unknown}
Potions
 h - a potion of heal wounds
Comestibles
 c - 3 bread rations


   Skills:
 - Level 3.2 Fighting
 + Level 4.7 Maces & Flails
 - Level 2.1 Armour
 - Level 1.5 Dodging


You had 3 spell levels left.
You didn't know any spells.

Dungeon Overview and Level Annotations

Branches:
Dungeon (2/15)

Altars:


Innate Abilities, Weirdness & Mutations

You are resistant to torment.
Your stone body is resilient. (AC +3)
You are immune to poison.
You resist negative energy. (rN+)
You are resistant to electric shocks. (rElec)
You can survive without breathing.
You are immune to petrification.
You are immune to rotting.


Message History

The worm is heavily wounded.
You barely miss the worm.
The worm is heavily wounded.
The worm bites you.
You hit the worm but do no damage.
The worm is heavily wounded.
The worm bites you but does no damage.
You hit the worm but do no damage.
The worm is moderately wounded.
The worm bites you!
* * * LOW HITPOINT WARNING * * *
You hit the worm.
The worm is severely wounded.
You hit the worm.
The worm is severely wounded.
The worm bites you but does no damage.
You hit the worm.
The worm is severely wounded.
The worm bites you.
You die...

#.....# #. #...#
#.....# #. #...#
#.....# #. #...#
#.....# #. ...
###.....####. ...
........'....
###..#. #.#
##.....####.
.......# #w#
######.....
....... #@# #.#.#.
#....# #.# #.#.#.
#....# #.# #.#.#.
# #....# #.#
#.#.#.
#.####....####.###
#.#.#.
................#
#.#.#.
..............#.#
#.#.#.
##.#...#######.#
######.#.#. #
#...# #
#...<......


You could see a worm.

Vanquished Creatures
  2 adders (D:2)
  A gnoll (D:1)
  A worm (D:2)
  A ball python (D:1)
  A giant cockroach (D:1)
  3 goblins (D:1)
  4 hobgoblins
  3 jackals (D:1)
  A kobold (D:2)
  6 bats
  6 rats
29 creatures vanquished.

Notes
Turn   | Place    | Note
-------+----------+-------------------------------------------
     0 | D:1      | Philogelos the Gargoyle Berserker began the quest for the Orb.
     0 | D:1      | Reached XP level 1. HP: 14/14 MP: 1/1
    68 | D:1      | Reached XP level 2. HP: 14/19 MP: 2/2
   262 | D:1      | Reached skill level 4 in Maces & Flails
   299 | D:1      | Reached XP level 3. HP: 9/23 MP: 3/3
   489 | D:1      | Reached ** piety under Trog
  1298 | D:2      | Reached XP level 4. HP: 11/28 MP: 4/4
  1388 | D:2      | Slain by a worm

Skill      XL: |  1  2 |
---------------+-------+-----
Maces & Flails | 4 |  4.7
Fighting       | |  3.2
Armour         | |  2.1
Dodging        | |  1.5

Action                   |  1- 3 |  4- 6 || total
-------------------------+-------+-------++-------
Melee: Mace              |    89 |    14 ||   103
  Use: Scroll            |     2 |       ||     2
  Eat: Chunk             |     1 |       ||     1
Armor: Animal skin       |    33 |       ||    33
       Scale mail        |       |     4 ||     4
Dodge: Dodged            |    86 |     2 ||    88
